 Dungeon Sprint DCSS version 0.29.1-4-g47bece8355 (webtiles) character file.

Game seed: 16693706528040766801

23825 boopmooplesden the Slayer (level 12, -19/137 HPs)
             Began as a Minotaur Berserker on Dec 8, 2022.
             Was the Champion of Trog.
             Demolished by a cyan very ugly thing (22 damage)
             ... in the Dungeon (Sprint IX: "|||||||||||||||||||||||||||||").
             The game lasted 00:06:41 (2615 turns).

boopmooplesden the Slayer (Minotaur Berserker)      Turns: 2615, Time: 00:06:42

Health: -19/137    AC: 22    Str: 32    XL:     12   Next: 75%
Magic:  11/11      EV: 14    Int:  7    God:    Trog [******]
Gold:   552        SH:  6    Dex: 13    Spells: 11/11 levels left

rFire   . . .      SeeInvis .   k - +2 morningstar "Jifykhyz" {vorpal, Fragile rF+ Str+2 Dex+3}
rCold   + + .      Faith    .   B - +2 buckler
rNeg    . . .      Spirit   .   K - +5 ice dragon scales
rPois   .          Reflect  .   (helmet restricted)
rElec   .          Harm     .   m - +0 cloak
rCorr   .          Rampage  .   (no gloves)
Will    ++...      NoTele   +   C - +0 pair of boots
Stlth   ..........              b - amulet of Qaeffuimn {+Inv Regen+}
HPRegen 2.12/turn               o - +3 ring of strength
MPRegen 0.12/turn               p - +3 ring of intelligence

@: strong-willed, on berserk cooldown, regenerating, slowed, very slow
A: horns 2, retaliatory headbutt
a: Renounce Religion, Evoke Invisibility, Berserk, Trog's Hand, Brothers in Arms


You were in the Dungeon.
You worshipped Trog.
Trog was exalted by your worship.
You visited 1 branch You collected 1418 gold pieces.
You spent 866 gold pieces at shops.

Inventory:

Hand Weapons
 a - a +0 hand axe
 k - the +2 morningstar "Jifykhyz" (weapon) {vorpal, Fragile rF+ Str+2 Dex+3}
   (You found it in the Dungeon)

   It inflicts extra damage upon your enemies.
   Str:       It affects your strength (+2).
   Dex:       It affects your dexterity (+3).
   rF:        It protects you from fire.
   Fragile:   It will be destroyed if unequipped.
 u - a +2 great mace
 v - the +5 quarterstaff "Wank" {vorpal, rPois rC- Dex+5}
   (Trog gifted it to you in the Dungeon)

   It inflicts extra damage upon your enemies.
   Dex:       It affects your dexterity (+5).
   rC:        It makes you vulnerable to cold.
   rPois:     It protects you from poison.
 w - a +3 battleaxe of flaming
 y - a +3 executioner's axe
 G - the +6 mace of the Dancing Gods {freeze, rC+ SInv}
   (You found it in the Dungeon)

   It freezes those it strikes, dealing additional cold damage.
   It can also slow down cold-blooded creatures.
   rC:        It protects you from cold.
   SInv:      It lets you see invisible.
 H - the +11 glaive of Saudoag {spect, *Rage rC+++ Dex+7}
   (You found it in the Dungeon)

   When its wielder attacks, the weapon's spirit leaps out and strikes again.
   The spirit shares a part of any damage it takes with its wielder.
   Dex:       It affects your dexterity (+7).
   rC:        It renders you almost immune to cold.
   *Rage:     It berserks you when you make melee attacks (+20% chance).
 I - the +5 trident "Qof Zine" {vorpal, rC+ Int+6 SInv}
   (You found it in the Dungeon)

   It inflicts extra damage upon your enemies.
   Int:       It affects your intelligence (+6).
   rC:        It protects you from cold.
   SInv:      It lets you see invisible.
Armour
 l - a +0 pair of boots
 m - a +0 cloak (worn)
 n - a +2 ring mail
 A - a +0 plate armour
 B - a +2 buckler (worn)
 C - a +0 pair of boots (worn)
 J - a +2 plate armour
 K - +5 ice dragon scales (worn)
Jewellery
 b - the amulet of Qaeffuimn (around neck) {+Inv Regen+}
   (You bought it in a shop in the Dungeon)

   [amulet of regeneration]

   +Inv:      It lets you turn invisible.
   Regen:     It increases your rate of health regeneration.
 o - a +3 ring of strength (left hand)
 p - a +3 ring of intelligence (right hand)
 D - a ring of poison resistance
 E - a ring of fire
 F - a ring of resist corrosion
Wands
 j - a wand of roots (10)
 q - a wand of acid (9)
Scrolls
 h - 2 scrolls of blinking
 r - 2 scrolls of fear
 t - 3 scrolls of identify
 x - 2 scrolls of enchant weapon
Potions
 c - 7 potions of curing
 d - 4 potions of heal wounds
 e - 3 potions of haste
 f - 4 potions of magic
 g - 2 potions of berserk rage
 i - a potion of invisibility
 z - a potion of mutation
 M - a potion of might


   Skills:
 + Level 22.1 Fighting
 + Level 18.7(22.6) Axes
 + Level 21.1(23.7) Maces & Flails
 + Level 13.9 Armour
 + Level 11.0 Dodging
 + Level 1.6 Stealth
 + Level 1.4 Shields


You had 11 spell levels left.
You didn't know any spells.
Your spell library was empty.

Dungeon Overview and Level Annotations

Branches:
Dungeon (1/1)

Altars:
Cheibriados
Dithmenos
Elyvilon
Fedhas
Gozag
Hepliaklqana
Kikubaaqudgha
Makhleb
Nemelex Xobeh
Okawaru
Qazlal
Ru
Sif Muna
Trog
Uskayaw
Vehumet
Wu Jian
Xom
Yredelemnul
Zin
The Shining One
Jiyva
Lugonu

Shops:
D =***


Innate Abilities, Weirdness & Mutations

You have a pair of horns on your head.
You reflexively headbutt those who attack you in melee.


Message History

Trog accepts your kill.
Your base Maces & Flails skill increases to level 21!
You impale the stone giant!!
You headbutt the stone giant, but do no damage.
The stone giant is lightly wounded.
You block the stone giant's attack.
You hit the stone giant.
The stone giant is moderately wounded.
The hell knight prays to its god.
The hell knight seems to speed up.
The stone giant barely misses you.
You hit the stone giant.
The stone giant is moderately wounded.
The stone giant hits you but does no damage.
You bludgeon the stone giant!! You headbutt the stone giant.
The stone giant is heavily wounded.
The stone giant hits you!
* * * LOW HITPOINT WARNING * * *
You bludgeon the stone giant!!
The stone giant is almost dead.
The stone giant hits you but does no damage.
You puncture the stone giant!
You kill the stone giant!
Trog accepts your kill.
Your Fighting skill increases to level 22!
Your Dodging skill increases to level 11!
You crush the cyan very ugly thing like a grape!!!
Your headbutt misses the cyan very ugly thing.
The cyan very ugly thing is heavily wounded.
The hell knight utters an invocation to its god.
The hell knight blinks!
The cyan very ugly thing closely misses you.
The hell knight closely misses you.
You block the cyan very ugly thing's attack.
Unknown command.
Your skin crawls.
You feel strong-willed. You block the hell knight's attack.
The cyan very ugly thing engulfs you!
* * * LOW HITPOINT WARNING * * *
The cyan very ugly thing shocks you!!
You die...

▓▓▓▓▓▓▓▓▓▓▓▓▓▓▓▓▓▓▓▓
..)).=...'..§.Cu@p.▓
▓▓▓▓▓▓▓▓▓▓▓▓▓▓▓▓▓▓)▓
...................▓
▓▓▓▓▓▓▓▓▓▓▓▓▓▓▓▓▓▓▓▓
)))).).............▓
▓▓▓▓▓▓▓▓▓▓▓▓▓▓▓▓▓▓.▓
...................▓
▓▓▓▓▓▓▓▓▓▓▓▓▓▓▓▓▓▓▓▓
....:[.....'.......▓


You could see a cyan very ugly thing, a stone giant and a hell knight (fast).

Vanquished Creatures
  A fire giant (D)
  A stone giant (D)
  A very ugly thing (D)
  An ettin (D)
  3 hydras (D)
  3 centaur warriors (D)
  2 catoblepae (D)
  4 two-headed ogres (D)
  A tengu warrior (D)
  A death knight (D)
  4 death yaks (D)
  2 orc high priests (D)
  3 orc knights (D)
  An orc sorcerer (D)
  2 cane toads (D)
  A gargoyle (D)
  2 rime drakes (D)
  A tengu conjurer (D)
  6 komodo dragons (D)
  A troll (shapeshifter) (D)
  A wraith (D)
  7 yaks (D)
  Eustachio (D)
  A basilisk (D)
  A vampire mosquito (D)
  An acid dragon (D)
  3 water moccasins (D)
  12 orc warriors (D)
  A black bear (D)
  An ogre (D)
  A jelly (D)
  An orc priest (D)
  A hound (D)
  An iguana (D)
  2 orc wizards (D)
  An ufetubus (D)
  16 orcs (D)
  A bat (D)
  A giant cockroach (D)
  2 hobgoblins (D)
  A frilled lizard (D)
98 creatures vanquished.

Vanquished Creatures (collateral kills)
  An ice dragon (D)
1 creature vanquished.

Grand Total: 99 creatures vanquished

Notes
Turn   | Place    | Note
-------+----------+-------------------------------------------
     0 | D        | boopmooplesden the Minotaur Berserker began the quest for
                  | the Orb.
     0 | D        | Reached XP level 1. HP: 19/19 MP: 0/0
    10 | D        | Reached ** piety under Trog
    11 | D        | Reached skill level 4 in Fighting
    66 | D        | Noticed an iguana
    66 | D        | Noticed a hound
    66 | D        | Noticed a jelly
    66 | D        | Noticed an ogre
    69 | D        | Killed an ogre
    70 | D        | Reached skill level 7 in Fighting
    70 | D        | Reached XP level 2. HP: 34/34 MP: 1/1
    70 | D        | Reached XP level 3. HP: 39/39 MP: 2/2
    70 | D        | Reached XP level 4. HP: 47/47 MP: 3/3
    71 | D        | Reached *** piety under Trog
    76 | D        | Reached skill level 8 in Fighting
    76 | D        | Reached XP level 5. HP: 56/56 MP: 4/4
   112 | D        | Found a snail-covered altar of Cheibriados.
   112 | D        | Found a shadowy altar of Dithmenos.
   112 | D        | Found a white marble altar of Elyvilon.
   112 | D        | Found a blossoming altar of Fedhas.
   112 | D        | Found an opulent altar of Gozag.
   113 | D        | Found a hazy altar of Hepliaklqana.
   114 | D        | Found a viscous altar of Jiyva.
   115 | D        | Found an ancient bone altar of Kikubaaqudgha.
   116 | D        | Found a corrupted altar of Lugonu.
   117 | D        | Found a burning altar of Makhleb.
   118 | D        | Found a sparkling altar of Nemelex Xobeh.
   119 | D        | Found an iron altar of Okawaru.
   120 | D        | Found a stormy altar of Qazlal.
   121 | D        | Found a sacrificial altar of Ru.
   122 | D        | Found a shimmering blue altar of Sif Muna.
   123 | D        | Found a bloodstained altar of Trog.
   124 | D        | Found a hide-covered altar of Uskayaw.
   125 | D        | Found a radiant altar of Vehumet.
   126 | D        | Found an ornate altar of the Wu Jian Council.
   127 | D        | Found a shimmering altar of Xom.
   128 | D        | Found a basalt altar of Yredelemnul.
   129 | D        | Found a glowing silver altar of Zin.
   130 | D        | Found a glowing golden altar of the Shining One.
   146 | D        | Got the +2 morningstar "Jifykhyz" {vorpal, Fragile rF+
                  | Str+2 Dex+3}
   183 | D        | Noticed a two-headed ogre
   183 | D        | Noticed an acid dragon
   183 | D        | Noticed a yak
   183 | D        | Noticed a wraith
   183 | D        | Noticed a two-headed ogre
   183 | D        | Noticed a yak
   187 | D        | Killed a yak
   187 | D        | Reached **** piety under Trog
   188 | D        | Reached skill level 10 in Fighting
   188 | D        | Reached skill level 10 in Axes
   188 | D        | Reached skill level 5 in Armour
   188 | D        | Reached XP level 6. HP: 67/67 MP: 5/5
   191 | D        | Killed a two-headed ogre
   192 | D        | Reached skill level 12 in Fighting
   192 | D        | Reached XP level 7. HP: 78/78 MP: 6/6
   194 | D        | Killed a wraith
   195 | D        | Reached skill level 13 in Fighting
   195 | D        | Reached XP level 8. HP: 81/86 MP: 7/7
   203 | D        | Killed a two-headed ogre
   203 | D        | Reached ***** piety under Trog
   204 | D        | Reached skill level 14 in Fighting
   204 | D        | Reached skill level 15 in Axes
   479 | D        | Noticed a two-headed ogre
   479 | D        | Noticed a centaur warrior
   479 | D        | Noticed a centaur warrior
   479 | D        | Noticed a gargoyle
   479 | D        | Noticed a two-headed ogre
   482 | D        | Killed a two-headed ogre
   483 | D        | Reached skill level 15 in Fighting
   483 | D        | Reached XP level 9. HP: 97/97 MP: 8/8
   483 | D        | Killed a gargoyle
   489 | D        | Killed a centaur warrior
   494 | D        | Killed a centaur warrior
   495 | D        | Reached skill level 16 in Fighting
   495 | D        | Reached XP level 10. HP: 107/107 MP: 9/9
   501 | D        | Killed a two-headed ogre
   502 | D        | Reached skill level 10 in Maces & Flails
   502 | D        | Reached skill level 10 in Armour
   661 | D        | Noticed a four-headed hydra
   670 | D        | Killed a four-headed hydra
   674 | D        | Reached ****** piety under Trog
   675 | D        | Reached skill level 17 in Fighting
   675 | D        | Received a gift from Trog
   840 | D        | Noticed a cane toad
   840 | D        | Noticed a catoblepas
   840 | D        | Noticed a cane toad
   850 | D        | Killed a catoblepas
   851 | D        | Reached XP level 11. HP: 118/118 MP: 10/10
   856 | D        | Identified the +5 quarterstaff "Wank" {vorpal, rPois rC-
                  | Dex+5} (Trog gifted it to you in the Dungeon)
   856 | D        | Received a gift from Trog
   858 | D        | Reached skill level 18 in Fighting
   926 | D        | Noticed a death yak
   926 | D        | Noticed a death yak
   926 | D        | Noticed a death yak
   928 | D        | Noticed a death yak
   932 | D        | Killed a death yak
   933 | D        | Reached skill level 15 in Maces & Flails
   933 | D        | Noticed a catoblepas
   938 | D        | Killed a death yak
   943 | D        | Killed a death yak
   945 | D        | Killed a death yak
   945 | D        | Received a gift from Trog
   949 | D        | Killed a catoblepas
  1295 | D        | Noticed Eustachio
  1301 | D        | Killed Eustachio
  1302 | D        | Reached skill level 19 in Fighting
  1339 | D        | Noticed an ettin
  1342 | D        | Noticed an orc knight
  1343 | D        | Received a gift from Trog
  1353 | D        | Killed an ettin
  1357 | D        | Killed an orc knight
  1369 | D        | Received a gift from Trog
  1583 | D        | Noticed an orc knight
  1596 | D        | Killed an orc knight
  1609 | D        | Received a gift from Trog
  1615 | D        | Reached skill level 1 in Stealth
  1615 | D        | Reached XP level 12. HP: 57/132 MP: 11/11
  1970 | D        | Found Efyschac's General Store.
  1971 | D        | Noticed an orc high priest
  1974 | D        | Reached skill level 10 in Dodging
  1974 | D        | Noticed an orc high priest
  1976 | D        | Found Plog's General Store.
  1982 | D        | Found Osibeat's General Store.
  1986 | D        | Killed an orc high priest
  1986 | D        | Received a gift from Trog
  1987 | D        | Reached skill level 20 in Fighting
  1991 | D        | Killed an orc high priest
  2000 | D        | Found Kiuqebunn's Jewellery Shop.
  2024 | D        | Bought a +2 buckler for 231 gold pieces
  2024 | D        | Bought a +0 pair of boots for 63 gold pieces
  2044 | D        | Bought the amulet of Qaeffuimn {+Inv Regen+} for 572 gold
                  | pieces
  2354 | D        | Got the +6 mace of the Dancing Gods {freeze, rC+ SInv}
  2356 | D        | Got the +11 glaive of Saudoag {spect, *Rage rC+++ Dex+7}
  2363 | D        | Got the +5 trident "Qof Zine" {vorpal, rC+ Int+6 SInv}
  2508 | D        | Noticed a tengu warrior
  2508 | D        | Noticed a death knight
  2508 | D        | Noticed a four-headed hydra
  2508 | D        | Noticed a centaur warrior
  2508 | D        | Noticed a six-headed hydra
  2513 | D        | Killed a six-headed hydra
  2513 | D        | Identified the +8 battleaxe of Qiziopnu {vorpal, Str+3}
                  | (Trog gifted it to you in the Dungeon)
  2513 | D        | Received a gift from Trog
  2518 | D        | Killed a centaur warrior
  2520 | D        | Killed a four-headed hydra
  2527 | D        | Killed a death knight
  2528 | D        | Reached skill level 21 in Fighting
  2528 | D        | Noticed an ice dragon
  2528 | D        | Noticed a fire giant
  2530 | D        | Noticed a purple very ugly thing
  2534 | D        | Killed a tengu warrior
  2540 | D        | Noticed a stone giant
  2540 | D        | Noticed a cyan very ugly thing
  2542 | D        | Received a gift from Trog
  2543 | D        | Noticed a stone giant
  2547 | D        | Killed an ice dragon
  2548 | D        | Reached skill level 1 in Shields
  2593 | D        | Killed a fire giant
  2607 | D        | Killed a purple very ugly thing
  2613 | D        | Killed a stone giant
  2614 | D        | Reached skill level 22 in Fighting
  2615 | D        | HP: 3/137 [cyan very ugly thing (13)]
  2615 | D        | Demolished by a cyan very ugly thing

Illustrated notes

Levels and vault maps discovered:
D:        linesprint [early_d, line_temple, items_1, d_10, items_2, lair_1,
          lair_end, items_3, orc_1, orc_end, items_4, d_15, swamp_1, shoals_1,
          snake_1, spider_1, d_20, vaults_1, items_5, swamp_end, shoals_end,
          snake_end, spider_end, vaults_end, d_27, items_6, zot_1, zot_end,
          crypt_end, forest_end, elf_end, slime_end, tomb_end, abyss_end,
          pan_hell_end]

Skill      XL: |  1  2  3  4  5  6  7  8  9 10 11 12 |
---------------+-------------------------------------+-----
Fighting       | 7 8 10 12 13 15 16 17 19 22 | 22.1
Axes           | 7 8 10 13 16 17 18 | 18.7
Armour         | 4 5 7 8 9 11 12 13 | 13.9
Dodging        | 3 4 6 7 8 9 11 | 11.0
Maces & Flails | 3 7 9 13 18 21 | 21.1
Stealth        | 1 |  1.6
Shields        | 1 |  1.4

Action                   |  1- 3 |  4- 6 |  7- 9 | 10-12 || total
-------------------------+-------+-------+-------+-------++-------
Melee: Hand axe          |    12 |    10 |       |       ||    22
       Headbutt          |     2 |     2 |     6 |    48 ||    58
       Morningstar       |       |     7 |    21 |   201 ||   229
       Punch             |       |       |       |     3 ||     3
Invok: Berserk           |     1 |     1 |     1 |     8 ||    11
       Trog's Hand       |       |       |       |     1 ||     1
       Brothers in Arms  |       |       |       |     1 ||     1
  Use: Potion            |       |       |       |     2 ||     2
       Scroll            |       |       |       |     7 ||     7
Armor: Animal skin       |     1 |       |       |       ||     1
       Ring mail         |       |     1 |     5 |    19 ||    25
       Ice dragon scales |       |       |       |    17 ||    17
       Plate armour      |       |       |       |     6 ||     6
Dodge: Dodged            |     5 |     5 |    13 |    79 ||   102
Block: Buckler           |       |       |       |     7 ||     7
